TOP OF THE 1ST |
Seattle Aviators batting - Pitching for D.C. Divided : LHP Tetsuzan Kaneko
|
Pitching: LHP Tetsuzan Kaneko
|
|
Batting: RHB Clarence Fox
|
0-0: Fly out, F7 (Line Drive, 7M)
|
Batting: RHB Brian Williams
|
0-0: Ball Error on foul ball, E2 1-1: Ball 2-1: Ground out 6-3 (Groundball, 6)
|
Batting: RHB Randolph Davis
|
0-0: Fly out, F5 (Line Drive, 5S)
|
Top of the 1st over - 0 run(s), 0 hit(s), 1 error(s), 0 left on base; Seattle 0 - D.C. 0 |
BOTTOM OF THE 1ST |
D.C. Divided batting - Pitching for Seattle Aviators : RHP Matt Harris
|
Pitching: RHP Matt Harris
|
|
Batting: RHB Tony Romero
|
0-0: Bunt for hit - play at first, batter safe!
|
Batting: LHB Keith Bridges
|
0-0: Ball 1-0: Foul Ball, location: 2F 1-1: Ball 2-1: Foul Ball, location: 2F 2-2: Ball 3-2: SINGLE (Line Drive, 89M) Tony Romero to second
|
Batting: LHB Ray Sears
|
0-0: Called Strike 0-1: Called Strike Tony Romero is caught stealing 3rd base Keith Bridges to second 0-2: Ball 1-2: Ball 2-2: Foul Ball, location: 2F 2-2: Ball 3-2: Ground out U3 (Groundball, 3S) Keith Bridges to third
|
Batting: LHB Mike Gardner
|
0-0: Swinging Strike 0-1: Ball 1-1: SINGLE (Flyball, 9LM) Keith Bridges scores
|
Batting: RHB Miguel Silva
|
0-0: Ball 1-0: Ball 2-0: Called Strike 2-1: Fly out, F8 (Flyball, 89D)
|
Bottom of the 1st over - 1 run(s), 3 hit(s), 0 error(s), 1 left on base; Seattle 0 - D.C. 1 |
TOP OF THE 2ND |
Seattle Aviators batting - Pitching for D.C. Divided : LHP Tetsuzan Kaneko
|
Batting: LHB Jorge Mojica
|
0-0: Fly out, F8 (Flyball, 8RM)
|
Batting: LHB Kenny Webster
|
0-0: Ball 1-0: Ball 2-0: Ball 3-0: Base on Balls
|
Batting: RHB Sean Davis
|
0-0: Swinging Strike 0-1: Ball 1-1: Ball 2-1: Grounds into double play, 4-6-3 (Groundball, 4)
|
Top of the 2nd over - 0 run(s), 0 hit(s), 0 error(s), 0 left on base; Seattle 0 - D.C. 1 |
BOTTOM OF THE 2ND |
D.C. Divided batting - Pitching for Seattle Aviators : RHP Matt Harris
|
Batting: LHB Charles Mathes
|
0-0: SINGLE (Groundball, 4M)
|
Batting: LHB Brad Elmore
|
0-0: Ball 1-0: Swinging Strike 1-1: Foul Ball, location: 2F 1-2: Foul Ball, location: 2F 1-2: Ball 2-2: Strikes out swinging
|
Batting: SHB Félix Cruz
|
0-0: Ball 1-0: Ball 2-0: Called Strike 2-1: Grounds into double play, 6-4-3 (Groundball, 6)
|
Bottom of the 2nd over - 0 run(s), 1 hit(s), 0 error(s), 0 left on base; Seattle 0 - D.C. 1 |
TOP OF THE 3RD |
Seattle Aviators batting - Pitching for D.C. Divided : LHP Tetsuzan Kaneko
|
Batting: RHB Tynan Hawkins
|
0-0: Ball 1-0: Ball 2-0: DOUBLE (Line Drive, 4MD)
|
Batting: RHB Vernon Caw
|
0-0: Ball 1-0: Ball 2-0: Fly out, F8 (Flyball, 8RXD) Runner from 2nd tags up, SAFE at 3rd, no throw
|
Batting: RHB Kenzaburo Hori
|
0-0: Called Strike 0-1: Ball 1-1: Ball 2-1: Fly out, F4 (Popup, 3D)
|
Batting: RHB Clarence Fox
|
0-0: Swinging Strike 0-1: Ball 1-1: Called Strike 1-2: Foul Ball, location: 2F 1-2: Foul Ball, location: 2F 1-2: Foul Ball, location: 2F 1-2: Ball 2-2: Ball 3-2: Foul Ball, location: 2F 3-2: Base on Balls
|
Batting: RHB Brian Williams
|
0-0: Called Strike 0-1: Called Strike 0-2: Fly out, F9 (Flyball, 9S)
|
Top of the 3rd over - 0 run(s), 1 hit(s), 0 error(s), 2 left on base; Seattle 0 - D.C. 1 |
BOTTOM OF THE 3RD |
D.C. Divided batting - Pitching for Seattle Aviators : RHP Matt Harris
|
Batting: RHB Cristo González
|
0-0: Ball 1-0: Ground out 5-3 (Groundball, 56S)
|
Batting: RHB Tony Romero
|
0-0: Called Strike 0-1: Ball 1-1: Called Strike 1-2: Ground out U3 (Groundball, 3)
|
Batting: LHB Keith Bridges
|
0-0: Ball 1-0: Foul Ball, location: 2F 1-1: Ground out 4-3 (Groundball, 4M)
|
Bottom of the 3rd over - 0 run(s), 0 hit(s), 0 error(s), 0 left on base; Seattle 0 - D.C. 1 |
TOP OF THE 4TH |
Seattle Aviators batting - Pitching for D.C. Divided : LHP Tetsuzan Kaneko
|
Batting: RHB Randolph Davis
|
0-0: Foul Ball, location: 2F 0-1: SINGLE (Groundball, 56) (infield hit)
|
Batting: LHB Jorge Mojica
|
0-0: Grounds into double play, 4-6-3 (Groundball, 4)
|
Batting: LHB Kenny Webster
|
0-0: Called Strike 0-1: Ball 1-1: Foul Ball, location: 2F 1-2: Strikes out swinging
|
Top of the 4th over - 0 run(s), 1 hit(s), 0 error(s), 0 left on base; Seattle 0 - D.C. 1 |
BOTTOM OF THE 4TH |
D.C. Divided batting - Pitching for Seattle Aviators : RHP Matt Harris
|
Batting: LHB Ray Sears
|
0-0: Called Strike 0-1: Ball 1-1: Ball 2-1: Fly out, F8 (Flyball, 8RS)
|
Batting: LHB Mike Gardner
|
0-0: Called Strike 0-1: Ball 1-1: Foul Ball, location: 2F 1-2: Ball 2-2: Hit by Pitch
|
Batting: RHB Miguel Silva
|
0-0: Ball 1-0: Called Strike 1-1: Ball 2-1: Ball 3-1: Foul Ball, location: 2F 3-2: Fly out, F6 (Line Drive, 6)
|
Batting: LHB Charles Mathes
|
0-0: Called Strike 0-1: Foul Ball, location: 2F 0-2: Hit by Pitch Mike Gardner to second
|
Batting: LHB Brad Elmore
|
0-0: Called Strike 0-1: Ball 1-1: Swinging Strike 1-2: Ball 2-2: Ball 3-2: Base on Balls Mike Gardner to third Charles Mathes to second
|
Batting: SHB Félix Cruz
|
0-0: Ground out 4-3 (Groundball, 4)
|
Bottom of the 4th over - 0 run(s), 0 hit(s), 0 error(s), 3 left on base; Seattle 0 - D.C. 1 |
TOP OF THE 5TH |
Seattle Aviators batting - Pitching for D.C. Divided : LHP Tetsuzan Kaneko
|
Batting: RHB Sean Davis
|
0-0: Swinging Strike 0-1: Ball 1-1: Called Strike 1-2: Ball 2-2: Ball 3-2: Ground out 3-1 (Groundball, 34)
|
Batting: RHB Tynan Hawkins
|
0-0: Called Strike 0-1: Ball 1-1: Fly out, F9 (Flyball, 9M)
|
Batting: RHB Vernon Caw
|
0-0: Ball 1-0: Ball 2-0: Ball 3-0: Swinging Strike 3-1: Base on Balls
|
Batting: RHB Kenzaburo Hori
|
0-0: Called Strike 0-1: Ball 1-1: Ball 2-1: Ball 3-1: Base on Balls Vernon Caw to second
|
Batting: RHB Clarence Fox
|
0-0: Swinging Strike 0-1: Ball 1-1: Swinging Strike 1-2: Strikes out swinging
|
Top of the 5th over - 0 run(s), 0 hit(s), 0 error(s), 2 left on base; Seattle 0 - D.C. 1 |
BOTTOM OF THE 5TH |
D.C. Divided batting - Pitching for Seattle Aviators : RHP Matt Harris
|
Batting: RHB Cristo González
|
0-0: Ball 1-0: Called Strike 1-1: SINGLE (Groundball, 6MD)
|
Batting: RHB Tony Romero
|
0-0: Ball Cristo González steals 2nd base 1-0: SINGLE (Groundball, 34S) Cristo González to third Runner from 3rd tries for Home, SAFE, no throw or cutoff
|
Batting: LHB Keith Bridges
|
0-0: Ball 1-0: Ball 2-0: Bunted foul 2-1: Ball 3-1: Bunt missed! 3-2: Fly out, F9 (Flyball, 9D)
|
Batting: LHB Ray Sears
|
0-0: Ball 1-0: 2-RUN HOME RUN (Flyball, 9D), Distance : 389 ft
|
Batting: LHB Mike Gardner
|
0-0: Called Strike 0-1: Ball 1-1: Foul Ball, location: 2F 1-2: Strikes out swinging
|
Batting: RHB Miguel Silva
|
0-0: Ball 1-0: Foul Ball, location: 2F 1-1: Fly out, F4 (Popup, 34)
|
Bottom of the 5th over - 3 run(s), 3 hit(s), 0 error(s), 0 left on base; Seattle 0 - D.C. 4 |
TOP OF THE 6TH |
Seattle Aviators batting - Pitching for D.C. Divided : LHP Tetsuzan Kaneko
|
Batting: RHB Brian Williams
|
0-0: Ball 1-0: Ball 2-0: Ground out 5-3 (Groundball, 56S)
|
Batting: RHB Randolph Davis
|
0-0: Ball 1-0: Hit by Pitch
|
Batting: LHB Jorge Mojica
|
0-0: Foul Ball, location: 2F 0-1: Ball 1-1: Ball 2-1: Swinging Strike Reached via error on a dropped throw, E1 Randolph Davis to second
|
Batting: LHB Kenny Webster
|
0-0: Ball 1-0: Ball 2-0: Foul Ball, location: 2F 2-1: Foul Ball, location: 2F 2-2: Strikes out swinging
|
Batting: RHB Sean Davis
|
0-0: Called Strike 0-1: Ball 1-1: Swinging Strike 1-2: Fly out, F8 (Flyball, 8LD)
|
Top of the 6th over - 0 run(s), 0 hit(s), 1 error(s), 2 left on base; Seattle 0 - D.C. 4 |
BOTTOM OF THE 6TH |
D.C. Divided batting - Pitching for Seattle Aviators : RHP Matt Harris
|
Batting: LHB Charles Mathes
|
0-0: Fly out, F5 (Popup, 5SF)
|
Batting: LHB Brad Elmore
|
0-0: Foul Ball, location: 2F 0-1: Ball 1-1: Ball 2-1: Foul Ball, location: 2F 2-2: Foul Ball, location: 2F 2-2: SINGLE (Flyball, 78S)
|
Batting: SHB Félix Cruz
|
0-0: Ball 1-0: Called Strike 1-1: Ball 2-1: Called Strike 2-2: Strikes out looking
|
Batting: RHB Cristo González
|
0-0: Fielders Choice at 2nd, U6 (Groundball, 6M)
|
Bottom of the 6th over - 0 run(s), 1 hit(s), 0 error(s), 1 left on base; Seattle 0 - D.C. 4 |
TOP OF THE 7TH |
Seattle Aviators batting - Pitching for D.C. Divided : LHP Tetsuzan Kaneko
|
Batting: RHB Tynan Hawkins
|
0-0: Ball 1-0: Called Strike 1-1: Ball 2-1: Ground out 5-3 (Groundball, 56)
|
Batting: RHB Vernon Caw
|
0-0: Fly out, F6 (Popup, 6)
|
Batting: RHB Kenzaburo Hori
|
Reached via error on a dropped throw, E3
|
Batting: RHB Clarence Fox
|
0-0: Ball 1-0: Ball 2-0: Fly out, F4 (Popup, 4MD)
|
Top of the 7th over - 0 run(s), 0 hit(s), 1 error(s), 1 left on base; Seattle 0 - D.C. 4 |
BOTTOM OF THE 7TH |
D.C. Divided batting - Pitching for Seattle Aviators : RHP Matt Harris
|
Batting: RHB Tony Romero
|
0-0: Ball 1-0: Called Strike 1-1: Ground out 2-3 (Groundball, 25)
|
Batting: LHB Keith Bridges
|
0-0: Called Strike 0-1: Ball 1-1: Foul Ball, location: 2F 1-2: Ball 2-2: Ball 3-2: Foul Ball, location: 2F 3-2: SOLO HOME RUN (Flyball, 9D), Distance : 387 ft
|
Pitching: RHP Ken Frost
|
|
Batting: LHB Ray Sears
|
0-0: Called Strike 0-1: Ball 1-1: Swinging Strike 1-2: Ball 2-2: Strikes out swinging
|
Batting: LHB Mike Gardner
|
0-0: Foul Ball, location: 2F 0-1: Ground out 6-3 (Groundball, 56D)
|
Bottom of the 7th over - 1 run(s), 1 hit(s), 0 error(s), 0 left on base; Seattle 0 - D.C. 5 |
TOP OF THE 8TH |
Seattle Aviators batting - Pitching for D.C. Divided : LHP Tetsuzan Kaneko
|
Batting: RHB Brian Williams
|
0-0: Ball 1-0: Called Strike 1-1: Fly out, F7 (Flyball, 78XD)
|
Batting: RHB Randolph Davis
|
0-0: Called Strike 0-1: Fly out, F8 (Line Drive, 8LD)
|
Batting: LHB Jorge Mojica
|
0-0: Swinging Strike 0-1: Ball 1-1: Ball 2-1: SINGLE (Line Drive, 89M)
|
Batting: LHB Kenny Webster
|
0-0: Ball 1-0: Ball 2-0: Called Strike 2-1: Foul Ball, location: 2F 2-2: SINGLE (Groundball, 56D) Jorge Mojica to second
|
Pitching: RHP Jesse Bowling
|
|
Batting: RHB Sean Davis
|
0-0: Ball 1-0: Foul Ball, location: 2F 1-1: Ball 2-1: Foul Ball, location: 2F 2-2: Fly out, F3 (Popup, 34)
|
Top of the 8th over - 0 run(s), 2 hit(s), 0 error(s), 2 left on base; Seattle 0 - D.C. 5 |
BOTTOM OF THE 8TH |
D.C. Divided batting - Pitching for Seattle Aviators : RHP Ken Frost
|
Batting: RHB Miguel Silva
|
0-0: Foul Ball, location: 2F 0-1: Ball 1-1: Ball 2-1: Ball 3-1: DOUBLE (Flyball, 7D)
|
Batting: LHB Charles Mathes
|
0-0: Swinging Strike 0-1: Ball Wild Pitch! Miguel Silva to third 1-1: Ball 2-1: Fly out, F8 (Line Drive, 8LD) Runner from 3rd tags up, SCORES, no throw
|
Batting: LHB Brad Elmore
|
0-0: Called Strike 0-1: Ball 1-1: Ball 2-1: Ball 3-1: Foul Ball, location: 2F 3-2: Strikes out swinging
|
Batting: SHB Félix Cruz
|
0-0: Ball 1-0: Ball 2-0: Fly out, F2 (Popup, 2RF)
|
Bottom of the 8th over - 1 run(s), 1 hit(s), 0 error(s), 0 left on base; Seattle 0 - D.C. 6 |
TOP OF THE 9TH |
Seattle Aviators batting - Pitching for D.C. Divided : RHP Jesse Bowling
|
Batting: RHB Tynan Hawkins
|
0-0: Foul Ball, location: 2F 0-1: Fly out, F4 (Line Drive, 4)
|
Batting: RHB Vernon Caw
|
0-0: Swinging Strike 0-1: Ball 1-1: Ball 2-1: Fly out, F5 (Line Drive, 5L)
|
Batting: RHB Kenzaburo Hori
|
0-0: Ball 1-0: Ball 2-0: Ball 3-0: Base on Balls
|
Batting: RHB Clarence Fox
|
0-0: Ball 1-0: Swinging Strike 1-1: Ball 2-1: Foul Ball, location: 2F 2-2: Ground out 6-3 (Groundball, 6)
|
Top of the 9th over - 0 run(s), 0 hit(s), 0 error(s), 1 left on base; Seattle 0 - D.C. 6 |
|